 Dungeon Crawl Stone Soup version 0.21.1-1-g345015fe64 (webtiles) character file.

1049 zauberei the Slasher (level 8, -4/79 HPs)
             Began as a Troll Fighter on June 26, 2018.
             Was a Follower of Makhleb.
             Slain by Sigmund
             ... wielding a +0 scythe
              (18 damage)
             ... on level 6 of the Dungeon.
             The game lasted 00:36:28 (4770 turns).

zauberei the Slasher (Troll Fighter)                Turns: 4770, Time: 00:36:29

Health: -4/79      AC:  5    Str: 23 (26) XL:     8   Next: 5%
Magic:  7/7        EV:  9    Int:  2 (4)  God:    Makhleb [*.....]
Gold:   292        SH: 12    Dex:  7 (10) Spells: 7/7 levels left

rFire    + . .     SeeInvis .   a - +1 long sword
rCold    x . .     Gourm    +   c - +3 shield
rNeg     . . .     Faith    .   t - +0 robe
rPois    +         Spirit   .   (helmet restricted)
rElec    .         Reflect  .   (no cloak)
rCorr    .         Harm     .   (gloves unavailable)
MR       .....                  (boots unavailable)
Stlth    +.........             (no amulet)
HPRegen  0.63/turn              o - ring of fire
MPRegen  0.10/turn              i - ring of poison resistance

@: no status effects
A: large, unfitting armour, claws 3, fast metabolism 3, gourmand, regeneration
1, shaggy fur 1, tough skin 2
a: Renounce Religion


You were on level 6 of the Dungeon.
You worshipped Makhleb.
Makhleb was aware of your devotion.
You were hungry.

You visited 1 branch of the dungeon, and saw 6 of its levels.

You collected 292 gold pieces.

Inventory:

Hand Weapons
 a - a +1 long sword (weapon)
 u - a +3 whip
Armour
 c - a +3 shield (worn)
 t - a +0 robe (worn)
Jewellery
 h - an uncursed ring of flight
 i - a ring of poison resistance (right claw)
 o - a ring of fire (left claw)
Wands
 w - a wand of paralysis (19)
Scrolls
 g - 4 scrolls of identify
 k - 2 scrolls of teleportation
 n - 3 scrolls of remove curse
 r - 2 scrolls of magic mapping
 s - 2 scrolls of fog
 z - a scroll of amnesia
Potions
 d - 2 potions of might
 e - a potion of lignification
 A - a potion of flight
Comestibles
 f - 12 rations


   Skills:
 + Level 4.4 Fighting
 + Level 5.0 Long Blades
 + Level 4.1 Dodging
 + Level 0.2 Stealth
 + Level 4.2 Shields


You had 7 spell levels left.
You didn't know any spells.

Dungeon Overview and Level Annotations

Branches:
Dungeon (6/15)
 Temple: D:4-7

Altars:
Kikubaaqudgha
Makhleb
Sif Muna
Xom
Zin

Shops:
D:5 %

Annotations:
D:6 Sigmund


Innate Abilities, Weirdness & Mutations

You are too large for most types of armour.
You have claws for hands.
Your metabolism is lightning-fast.
You like to eat raw meat.
Your natural rate of healing is unusually fast.
You are covered in fur. (AC +1)
You have very tough skin. (AC +2)


Message History

Unknown command.
You block Sigmund's attack.
You slash Sigmund!
Sigmund is heavily wounded.
Sigmund hits you with a scythe!!
* * * LOW HITPOINT WARNING * * *
You closely miss Sigmund.
Sigmund is heavily wounded.
You block Sigmund's attack.
You barely miss Sigmund.
Sigmund is heavily wounded.
You block Sigmund's attack.
You hit Sigmund but do no damage.
Sigmund is heavily wounded.
You hit Sigmund.
Sigmund is severely wounded.
Sigmund hits you with a scythe!
* * * LOW HITPOINT WARNING * * *
Sigmund hits you from afar with a scythe!!
You die... ## .# # ########@##.... #..<..@........ #.#######.##### # .. .# .. ##

You could see Sigmund.

Vanquished Creatures
  The ghost of Gargoyl the Chopper, a novice CeAK of Lugonu (D:4)
  An ogre (D:4)
  2 bullfrogs
  A scorpion (D:4)
  An orc wizard (D:5)
  2 centaur skeletons
  A worker ant (D:4)
  Robin (D:3)
  3 gnolls (D:2)
  8 adders
  A shadow imp (D:5)
  2 oozes
  An adder skeleton (D:4)
  2 worms (D:2)
  3 dart slugs
  2 leopard geckos
  8 orcs
  3 bats
  3 giant cockroaches
  13 goblins
  18 hobgoblins
  6 jackals
  A quokka (D:3)
  A ball python (D:1)
  3 frilled lizards
  A jackal skeleton (D:5)
  7 kobolds
  11 rats
107 creatures vanquished.

Vanquished Creatures (others)
  A bat (D:3)
1 creature vanquished.

Grand Total: 108 creatures vanquished

Notes
Turn   | Place    | Note
-------+----------+-------------------------------------------
     0 | D:1      | zauberei the Troll Fighter began the quest for the Orb.
     0 | D:1      | Reached XP level 1. HP: 22/22 MP: 0/0
   215 | D:1      | Reached XP level 2. HP: 29/29 MP: 1/1
   485 | D:1      | Reached XP level 3. HP: 36/36 MP: 2/2
   904 | D:2      | Reached skill level 2 in Long Blades
  1010 | D:2      | Reached XP level 4. HP: 44/44 MP: 3/3
  1327 | D:2      | Reached XP level 5. HP: 53/53 MP: 4/4
  1500 | D:2      | Found an ancient bone altar of Kikubaaqudgha.
  1500 | D:2      | Found a shimmering altar of Xom.
  1505 | D:2      | Found a deep blue altar of Sif Muna.
  1524 | D:2      | Found a burning altar of Makhleb.
  1530 | D:2      | Became a worshipper of Makhleb the Destroyer
  1878 | D:3      | Noticed Robin
  1925 | D:3      | Killed Robin
  2026 | D:3      | Reached * piety under Makhleb
  2748 | D:4      | Reached skill level 3 in Long Blades
  2748 | D:4      | Reached XP level 6. HP: 51/61 MP: 5/5
  2758 | D:4      | Noticed Gargoyl's ghost (novice CeAK)
  2958 | D:4      | Killed Gargoyl's ghost
  2958 | D:4      | Reached skill level 4 in Long Blades
  2958 | D:4      | Reached XP level 7. HP: 39/70 MP: 6/6
  3569 | D:4      | Found a glowing silver altar of Zin.
  4021 | D:5      | Entered Level 5 of the Dungeon
  4394 | D:5      | Found Azeajeh's Food Boutique.
  4756 | D:6      | Noticed Sigmund
  4763 | D:6      | Reached skill level 5 in Long Blades
  4763 | D:6      | Reached XP level 8. HP: 39/79 MP: 7/7
  4770 | D:6      | Slain by Sigmund

Skill      XL: |  1  2  3  4  5  6  7 |
---------------+----------------------+-----
Long Blades    | 2 3 4 5 |  5.0
Shields        | 3 4 |  4.2
Fighting       | 3 4 |  4.4
Dodging        | 3 4 |  4.1
Stealth        | |  0.2

Action                   |  1- 3 |  4- 6 |  7- 9 || total
-------------------------+-------+-------+-------++-------
Melee: Long sword        |   113 |   226 |    73 ||   412
  Use: Scroll            |     2 |     9 |     2 ||    13
       Potion            |       |     1 |     5 ||     6
  Eat: Chunk             |    15 |    17 |    10 ||    42
Armor: Robe              |    27 |    61 |    10 ||    98
Dodge: Dodged            |    37 |    74 |    13 ||   124
Block: Shield            |    63 |   127 |    35 ||   225
       Rpst.: Long sword |     5 |    23 |     8 ||    36
